 Dungeon Crawl Stone Soup version 0.31.0-9-g3a7656b989 (webtiles) character file.

Game seed: 17808106179009488523

224 qw the Shooter (level 5, -1/26 HPs)
             Began as a Spriggan Hunter on Feb 2, 2024.
             Incinerated by a bombardier beetle (3 damage)
             ... with a burning spray
             ... on level 3 of the Dungeon.
             The game lasted 00:00:10 (2366 turns).

qw the Shooter (Spriggan Hunter)                    Turns: 2366, Time: 00:00:10

Health: -1/26      AC:  4    Str:  7    XL:     5   Next: 67%
Magic:  6/6        EV: 19    Int: 10    God:
Gold:   134        SH:  0    Dex: 21    Spells: 4/4 levels left

rFire   . . .        h - +0 sling of the World {drain, rC+ Will+}
rCold   + . .        (no shield)
rNeg    . . .        f - +1 troll leather armour
rPois   .            (helmet restricted)
rElec   .            (no cloak)
rCorr   .            (gloves unavailable)
SInv    +            (boots unavailable)
Will    +....        j - amulet of faith
Stlth   +            (no ring)
HPRegen 1.04/turn    (no ring)
MPRegen 0.10/turn

%: faith
@: on fire, glowing, very quick
A: very small, no large weapons, unfitting armour, see invisible, speed 3
a: no special abilities


You were on level 3 of the Dungeon.
You visited 1 branch of the dungeon, and saw 3 of its levels.
You also visited: Sewer.

You collected 134 gold pieces.


Innate Abilities, Weirdness & Mutations

You are very small and have problems with some larger weapons.
You are too small for most types of armour.
You have supernaturally acute eyesight. (SInv)
You cover ground extremely quickly. (Speed+++)


   Skills:
 - Level 2.0 Fighting
 + Level 5.9 Ranged Weapons
 - Level 5.1 Dodging
 - Level 1.5 Stealth


You had 4 spell levels left.
You didn't know any spells.
Your spell library was empty.

Inventory:

Hand Weapons
 a - a +1 shortbow
 h - the +0 sling of the World (weapon) {drain, rC+ Will+}
   (You found it on level 2 of the Dungeon)

   rC+:       It protects you from cold.
   Will+:     It increases your willpower.
Armour
 f - a +1 troll leather armour (worn)
Jewellery
 j - an amulet of faith (around neck)
 l - a ring of ice
Scrolls
 c - a scroll of identify
Potions
 b - a potion of brilliance {unknown}
 d - a potion of heal wounds
 e - 2 potions of might
 g - a potion of berserk rage {unknown}
 i - a potion of haste {unknown}
 k - a potion of degeneration {unknown}

Dungeon Overview and Level Annotations

Branches:
Dungeon (3/15)              Sewer (visited)

Altars:

Shops:
D:1 (


Message History

You shoot a sling bullet.
The sling bullet barely misses the hobgoblin.
The hobgoblin misses you.
You shoot a sling bullet. The sling bullet hits the hobgoblin!
You kill the hobgoblin!
The bombardier beetle sprays incendiary fluid at you.
The burning spray hits you.
You are covered in liquid fire!
You shoot a sling bullet.
The sling bullet hits the bombardier beetle but does no damage.
You drain the bombardier beetle.
The bombardier beetle is lightly wounded.
The liquid fire burns you!
The bombardier beetle sprays incendiary fluid at you.
The burning spray hits you.
You are even more covered in liquid fire!
2357 ||| FLEEEEING.
You shake off some of the fire as you move.
The liquid fire burns you!
2358 ||| FLEEEEING.
You shake off some of the fire as you move.
The liquid fire burns you!
2359 ||| FLEEEEING.
You shake off some of the fire as you move.
The liquid fire burns you!
You are on fire!
The liquid fire burns you!
You are on fire!
The liquid fire burns you!
You are on fire!
The liquid fire burns you!
You are on fire!
The liquid fire burns you!
You are on fire!
The liquid fire burns you!
You are on fire!
The liquid fire burns you!
You are on fire!
The liquid fire burns you!
You die...

#.# ###.#.#.# #.#
#.......# #.# #
#..!.B..# #.# .#
#.......# #.# .?##
#####......# #.##.....
...........# .....# #.#
..##...# ####.# ..# ###
#.@..# ..# #.####
..#### #.#
.....##########.#
..##(...........#
......########..#####.#
..###.# #........# .##
#.# ##.####### .#
#.#########.#


There were no monsters in sight!

Vanquished Creatures
  A crocodile (Sewer)
  3 adders
  2 river rats (D:3)
  4 dart slugs
  A ribbon worm (D:2)
  An orc (D:3)
  9 bats
  11 endoplasms
  5 giant cockroaches
  5 goblins
  4 hobgoblins
  8 jackals
  4 quokkas
  4 ball pythons
  A frilled lizard (D:1)
  6 kobolds
  10 rats
79 creatures vanquished.

Notes
Turn   | Place    | Note
-------+----------+-------------------------------------------
     0 | D:1      | qw the Spriggan Hunter began the quest for the Orb.
     0 | D:1      | Reached XP level 1. HP: 10/10 MP: 2/2
     0 | D:1      | 0 ||| qw: Version: 0.3-a-155-g5e7d8dd
     0 | D:1      | 0 ||| qw: Game counter: 982
     0 | D:1      | 0 ||| qw: Melee chars always use a shield: true
     0 | D:1      | 0 ||| qw: God list: Okawaru
     0 | D:1      | 0 ||| qw: Allow faded altars: false
     0 | D:1      | 0 ||| qw: Do Orc after clearing Dungeon:15 true
     0 | D:1      | 0 ||| qw: Do second Lair branch before Depths: true
     0 | D:1      | 0 ||| qw: Lair rune preference: random
     0 | D:1      | 0 ||| qw: Goals: Normal
     0 | D:1      | 0 ||| PLANNING D:1-11
    42 | D:1      | Reached skill level 3 in Dodging
    94 | D:1      | Reached XP level 2. HP: 14/14 MP: 3/3
   222 | D:1      | Reached XP level 3. HP: 16/18 MP: 4/4
   615 | D:1      | Found Irghasipn's Antique Weapon Boutique.
   638 | D:1      | 638 ||| READING scroll labelled ZEKLOTU ULELL.
   638 | D:1      | 638 ||| ENCHANTING +0 shortbow.
   639 | D:1      | 639 ||| READING scroll labelled YCWEGY METUD.
   640 | D:1      | 640 ||| READING scroll labelled YNGADDE ANUNEN.
   741 | D:1      | 741 ||| READING scroll labelled IBOBAU HINTYOS.
   741 | D:1      | 741 ||| IDENTIFYING inky potion
   742 | D:1      | 742 ||| DROPPING scroll of butterflies.
   875 | D:2      | Reached XP level 4. HP: 22/22 MP: 5/5
  1062 | D:2      | Found a faded altar of an unknown god.
  1143 | D:2      | Identified the +0 sling of the World {drain, rC+ Will+}
  1145 | D:2      | 1145 ||| SWAPPING to +0 sling of the World {drain, rC+
                  | Will+}.
  1575 | D:2      | 1575 ||| UPGRADING to +0 troll leather armour.
  1585 | D:2      | 1585 ||| DROPPING +0 robe.
  1586 | D:2      | 1586 ||| UPGRADING to amulet of faith.
  1591 | D:2      | 1591 ||| READING scroll of identify.
  1591 | D:2      | 1591 ||| IDENTIFYING metallic pink potion
  1592 | D:2      | 1592 ||| READING scroll labelled KEZXYK GIUC.
  1595 | D:2      | 1595 ||| DROPPING potion of ambrosia.
  1625 | D:3      | 1625 ||| PLANNING SEWER
  1627 | D:3      | 1627 ||| STAIRDANCE
  1950 | D:3      | Found a glowing drain.
  1951 | D:3      | 1951 ||| READING scroll labelled AFIAMY ZIPNIAP.
  1951 | D:3      | 1951 ||| ENCHANTING +0 troll leather armour.
  1952 | D:3      | 1952 ||| DRINKING 2 lumpy white potions.
  1961 | Sewer    | Entered a sewer
  1977 | Sewer    | Reached XP level 5. HP: 26/26 MP: 6/6
  2021 | Sewer    | Noticed a crocodile
  2032 | Sewer    | Killed a crocodile
  2073 | Sewer    | 2073 ||| READING scroll labelled XYDATELIGU.
  2074 | Sewer    | 2074 ||| READING scroll labelled QOCOF QIGU.
  2092 | D:3      | 2092 ||| PLANNING D:1-11
  2357 | D:3      | 2357 ||| FLEEEEING.
  2358 | D:3      | 2358 ||| FLEEEEING.
  2359 | D:3      | 2359 ||| FLEEEEING.
  2363 | D:3      | HP: 6/26 [burnt (2)]
  2365 | D:3      | HP: 1/26 [burnt (3)]
  2366 | D:3      | Incinerated by a bombardier beetle

Levels and vault maps discovered:
D:1:      ebering_hopf_link, layout_rooms, serial_shops,
          nicolae_shop_hallway_plus, minmay_heptomino_o4
D:2:      layout_basic, shapermc_ecumenical_altar_ellora, st_stairs_12
D:3:      layout_loops_ring, portal_sewer_entry_b

Skill      XL: |  1  2  3  4 |
---------------+-------------+-----
Dodging        | 3 4 5 |  5.1
Ranged Weapons | 5 |  5.9
Fighting       | 2 |  2.0
Stealth        | |  1.5

Action                     |  1- 3 |  4- 6 || total
---------------------------+-------+-------++-------
   Fire: Shortbow          |   112 |    15 ||   127
         Sling             |       |    96 ||    96
    Use: Scroll            |     4 |     5 ||     9
         Potion            |       |     1 ||     1
 Armour: Robe              |     9 |     1 ||    10
         Troll leather arm |       |    14 ||    14
  Dodge: Dodged            |    55 |    52 ||   107

Table legend:
 A = Non-vault XP
 B = Vault XP
 C = Vault XP percentage of total XP
 D = Non-vault monster count
 E = Vault monster count
 F = Vault count percentage of total count
                 A         B        C        D         E       F
            +---------+---------+-------+---------+---------+-------
      Total |     146 |     175 |  54.5 |      62 |      17 |  21.5
            +---------+---------+-------+---------+---------+-------
        D:1 |      59 |      10 |  14.5 |      33 |       4 |  10.8
        D:2 |      54 |       6 |  10.0 |      16 |       2 |  11.1
        D:3 |      33 |      33 |  50.0 |      13 |       6 |  31.6
      Sewer |       0 |     126 | 100.0 |       0 |       5 | 100.0
            +---------+---------+-------+---------+---------+-------
